 Dungeon Crawl Stone Soup version 0.20-a0-903-g7e3609c (webtiles) character file.

661 Hook the Skirmisher (level 7, -7/64 HPs)
             Began as a Ghoul Monk on Mar 21, 2017.
             Was a Believer of Qazlal.
             Mangled by a gnoll
             ... wielding a +0 flail
              (13 damage)
             ... on level 6 of the Dungeon.
             The game lasted 00:36:59 (5294 turns).

Hook the Skirmisher (Ghoul Monk)                    Turns: 5294, Time: 00:36:59

Health: -7/64      AC:  6    Str: 17    XL:     7   Next: 56%
Magic:  15/15      EV: 13    Int:  5    God:    Qazlal [**....]
Gold:   181        SH:  3    Dex: 11    Spells: 6/6 levels left

rFire    . . .     SeeInvis .   s - 2 potions of resistance {unknown}
rCold    + . .     Gourm    .   m - +0 leather armour
rNeg     + + +     Faith    .   (no shield)
rPois    ∞         Spirit   .   (no helmet)
rElec    .         Reflect  .   n - +0 cloak
rCorr    .         Harm     .   d - +0 pair of gloves (curse)
MR       .....                  q - +0 pair of boots
Stlth    ++........             (no amulet)
Regen    0.0/turn               (no ring)
MPRegen  0.2/turn               c - ring of magical power

@: about to teleport, rotting
A: rotting body, claws 1, carnivore 3, cold resistance 1, negative energy
resistance 3, inhibited regeneration, torment resistance, unbreathing
a: Upheaval, Renounce Religion


You were on level 6 of the Dungeon.
You worshipped Qazlal.
Qazlal was pleased with you.
You were not hungry.

You visited 1 branch of the dungeon, and saw 6 of its levels.

You collected 181 gold pieces.

Inventory:

Armour
 a - a +0 robe
 d - a cursed +0 pair of gloves (worn)
 m - a +0 leather armour (worn)
 n - a +0 cloak (worn)
 q - a +0 pair of boots (worn)
Jewellery
 c - a ring of magical power (left hand)
 e - an uncursed ring of protection from cold {unknown}
 k - an uncursed ring of see invisible {unknown}
 r - a cursed amulet of inaccuracy {unknown}
Scrolls
 b - 4 scrolls of identify
 h - a scroll of teleportation
 o - a scroll of fear {unknown}
 t - 2 scrolls of enchant weapon {unknown}
 w - a scroll of remove curse
 y - a scroll of immolation {unknown}
 z - a scroll of amnesia {unknown}
Potions
 f - 2 potions of curing {unknown}
 g - a potion of agility {unknown}
 i - a potion of ambrosia {unknown}
 j - a potion of invisibility {unknown}
 l - 2 potions of haste {unknown}
 p - a potion of heal wounds {unknown}
 s - 2 potions of resistance (in hand) {unknown}
 v - a potion of degeneration {unknown}
Books
 u - a book of Maledictions

   Spells                             Type                      Level
   a - Corona                         Hexes                        1
   b - Ensorcelled Hibernation        Hexes/Ice                    2
   c - Confuse                        Hexes                        3
   d - Tukima's Dance                 Hexes                        3
   e - Dazzling Spray                 Conjuration/Hexes            3
Comestibles
 x - a chunk of flesh
 A - a meat ration


   Skills:
 * Level 6.5 Fighting
 + Level 4.0 Dodging
 + Level 4.4 Stealth
 + Level 5.3 Unarmed Combat


You had 6 spell levels left.
You didn't know any spells.

Dungeon Overview and Level Annotations

Branches:
Dungeon (6/15)             Temple (0/1) D:4

Altars:
Qazlal

Annotations:
D:5 Dowan


Innate Abilities, Weirdness & Mutations

Your body is rotting away.
You thrive on raw meat.
You are immune to poison.
You have sharp fingernails.
You are carnivorous and can eat meat at any time.
Your flesh is cold resistant. (rC+)
You are immune to negative energy. (rN+++)
You do not regenerate when monsters are visible.
You are immune to unholy pain and torment.
You can survive without breathing.


Message History

The gnoll hits you from afar with a halberd!
The gnoll shaman hits you with a whip.
You clumsily bash the gnoll shaman but do no damage.
The gnoll shaman is lightly wounded.
The gnoll hits you with a flail. You block the gnoll's attack.
The gnoll misses you. The gnoll shaman hits you with a whip!
* * * LOW HITPOINT WARNING * * *
You clumsily bash the gnoll shaman but do no damage.
The gnoll shaman is lightly wounded.
You block the gnoll's attack. The gnoll hits you but does no damage.
The gnoll shaman hits you with a whip.
* * * LOW HITPOINT WARNING * * *
The gnoll hits you but does no damage. The gnoll barely misses you.
The gnoll shaman barely misses you. The gnoll closely misses you.
As you read the scroll of teleportation, it crumbles to dust.
You feel strangely unstable.
The gnoll hits you from afar with a spear.
* * * LOW HITPOINT WARNING * * *
The gnoll hits you with a flail!
You die...

###### ####
.....#+##... #.
#.##......# # #..
#.##......##.# #..
#.##..........
##..###.##...g§.# #
#..........#'#@#...
#.#.#.........gg.#
......#.......g#.#
............>..#.#
###..........#.#..
..........#..#.#...
..........#..#.#.#.#
########..#.(#.#.#.#
..........#..#.#.#.#


You could see a gnoll shaman and 3 gnolls.

Vanquished Creatures
  Duvessa (D:5)
  An ice beast (D:5)
  A phantom (D:4)
  A bullfrog zombie (D:5)
  A hound (D:4)
  3 orc priests
  2 iguanas
  A worker ant zombie (D:5)
  2 gnolls
  6 adders
  2 oozes
  2 dart slugs
  3 leopard geckos
  9 orcs
  7 bats
  4 giant cockroaches
  8 goblins
  8 hobgoblins
  3 jackals (D:3)
  5 ball pythons
  10 frilled lizards
  8 kobolds
  4 rats
92 creatures vanquished.

Notes
Turn   | Place    | Note
-------+----------+-------------------------------------------
     0 | D:1      | Hook the Ghoul Monk began the quest for the Orb.
     0 | D:1      | Reached XP level 1. HP: 19/19 MP: 0/0
    36 | D:1      | Reached XP level 2. HP: 25/26 MP: 1/1
   349 | D:1      | Reached XP level 3. HP: 25/33 MP: 2/2
   526 | D:1      | Reached skill level 4 in Fighting
  1332 | D:2      | Reached XP level 4. HP: 27/40 MP: 3/3
  2606 | D:4      | Reached XP level 5. HP: 30/47 MP: 4/4
  2881 | D:4      | Found a stormy altar of Qazlal.
  2892 | D:4      | Became a worshipper of Qazlal Stormbringer
  2892 | D:4      | Reached * piety under Qazlal
  2892 | D:4      | Reached ** piety under Qazlal
  2950 | D:4      | Found a staircase to the Ecumenical Temple.
  3054 | D:3      | Reached skill level 5 in Fighting
  3572 | D:5      | Entered Level 5 of the Dungeon
  3909 | D:5      | Reached XP level 6. HP: 56/56 MP: 5/5
  3921 | D:5      | Noticed an ice beast
  3933 | D:5      | Killed an ice beast
  3944 | D:5      | Noticed Duvessa
  3956 | D:5      | Noticed Dowan
  3968 | D:5      | Killed Duvessa
  3968 | D:5      | Reached skill level 6 in Fighting
  3968 | D:5      | Reached skill level 5 in Unarmed Combat
  3968 | D:5      | Reached XP level 7. HP: 25/63 MP: 6/6
  5294 | D:6      | Mangled by a gnoll

Vault maps used:
D:1:      saegor_arrival_simple_d, minmay_tree_intersection
D:2:      lemuel_upstairs_altar, uniq_jessica
D:3:      first_bread
D:4:      kb_forest_paths, minmay_temple_entry_poolview,
          nicolae_qazlal_eye_of_the_storm
D:5:      lemuel_crystal_altar, kennysheep_slug_shrine,
          minmay_misc_feat_more_columns, kennysheep_generic_room_9, uniq_duvessa
D:6:      doesnt_xom_only_xom, uniq_menkaure

Skill      XL: |  1  2  3  4  5  6  7 |
---------------+----------------------+-----
Fighting       | 4 5 6 |  6.5
Stealth        | 3 4 |  4.4
Unarmed Combat | 4 5 |  5.3
Dodging        | 3 4 |  4.0

Action                   |  1- 3 |  4- 6 |  7- 9 || total
-------------------------+-------+-------+-------++-------
Melee: Unarmed           |    79 |   218 |   109 ||   406
       Punch             |     3 |       |     3 ||     6
  Use: Scroll            |       |     4 |     1 ||     5
 Stab: Sleeping          |     3 |     7 |       ||    10
  Eat: Chunk             |     3 |     9 |     3 ||    15
       Meat ration       |       |     2 |       ||     2
Armor: Robe              |    19 |     4 |       ||    23
       Leather armour    |       |    56 |    17 ||    73
Dodge: Dodged            |    45 |   119 |    61 ||   225
Block: Other             |       |    13 |    14 ||    27
